[Event "*** Titled Tuesday Blitz"]
[Site "Chess.com"]
[Date "2020.05.05"]
[Round "4"]
[White "TargetA"]
[Black "youngKID"]
[Result "0-1"]
[WhiteElo "2523"]
[BlackElo "2791"]
[TimeControl "180+1"]
[EndTime "10:41:24 PDT"]
[Termination "youngKID won by resignation"]

1. e4 c5 2. Nf3 Nc6 3. Nc3 e6 4. d4 cxd4 5. Nxd4 Nf6 6. Nxc6 bxc6 7. e5 Nd5 8. Ne4 Qc7 9. f4 Rb8 10. c4 Bb4+ 11. Ke2 O-O 12. cxd5 exd5 13. Ng3 d6 14. Kf3 dxe5 15. fxe5 Be6 16. Bf4 f6 17. exf6 Rxf6 18.
Nh5 Rf7 19. g3 Bd6 20. Bd3 g6 21. Re1 Bh3 22. Qc2 Qd7 23. Ke3 gxh5 24. Bxh7+ Kh8 25. Bg6 Bxf4+ 26. gxf4 Rf6 27. Kd2 Qd6 28. Re5 Rxg6 29. Rae1 Rg2+ 30. R1e2 Rxe2+ 31. Kxe2 Bg4+ 32. Kf2 Qf6 33.
Kg3 Rf8 34. Qd2 Rg8 35. Qd4 Bf5+ 36. Kf2 Kh7 37. Ke3 Rg7 38. Qc5 Qg6 39. Kd2 Qg2+ 40. Kc3 Qf3+ 41. Kb4 Qxf4+ 42. Ka3 Qxe5 43. b3 Qe7 0-1

[Event "*** Titled Tuesday Blitz"]
[Site "Chess.com"]
[Date "2020.05.05"]
[Round "4"]
[White "DrBergerBerger"]
[Black "jlucasvf"]
[Result "1-0"]
[WhiteElo "2490"]
[BlackElo "2655"]
[TimeControl "180+1"]
[EndTime "10:41:24 PDT"]
[Termination "DrBergerBerger won by resignation"]

1. e4 e5 2. Nf3 Nf6 3. d4 Nxe4 4. Bd3 Nc6 5. dxe5 d5 6. exd6 Nxd6 7. O-O Be7 8. Nc3 Be6 9. Bf4 Qd7 10. Ne4 Nxe4 11. Bxe4 O-O-O 12. Qxd7+ Bxd7 13. Rad1 Rhe8 14. Rfe1 h6 15.
h3 Bf6 16. c3 Be6 17. Rxd8+ Rxd8 18. Bxc6 bxc6 19. a3 c5 20. Be5 Kb7 21. Bxf6 gxf6 22. Re2 Kc6 23. Kh2 Rd1 24. Kg3 Kb5 25. Kf4 Kc4 26.
Rd2 Rxd2 27. Nxd2+ Kd3 28. Ne4 c4 29. Nxf6 Kc2 30. Ne4 Kxb2 31. a4 a5 32. Ke5 Bd7 33. Nc5 Bc6 34. Kd4 Bxg2 35. h4 Bf1 36. f4 Bd3 37. Nb7 Ka3 38. Nxa5 Kxa4 39. Nxc4 Bxc4 40.
Kxc4 Ka3 41. Kd5 Kb3 42. c4 Kb4 43. c5 Kb5 44. f5 h5 45. Ke5 Kxc5 46. Kf6 Kd6 47.
Kxf7 c5 48. Kg6 c4 49. f6 c3 50. f7 Ke7 51. Kg7 1-0

[Event "*** Titled Tuesday Blitz"]
[Site "Chess.com"]
[Date "2020.05.05"]
[Round "4"]
[White "Rozum_Ivan"]
[Black "dcann0n88"]
[Result "1-0"]
[WhiteElo "2692"]
[BlackElo "2357"]
[TimeControl "180+1"]
[EndTime "10:41:24 PDT"]
[Termination "Rozum_Ivan won by resignation"]

1. e4 c5 2. Nf3 e6 3. d4 cxd4 4. Nxd4 Nf6 5. Nc3 d6 6. g4 h6 7. h4 Nc6 8. g5 hxg5 9. Bxg5 Qb6 10. Nb3 a6 11. Qe2 Bd7 12. O-O-O Rc8 13. f4 Qc7 14. Bh3 b5 15. a3 b4 16. axb4 Nxb4 17. e5 dxe5 18. fxe5 Nh5 19. Qf2 Bc6 20. Rhf1 g6 21. Rd4 a5 22. Rfd1 Be7 23. Bxe7 Qxe7 24.
Nxa5 Bd5 25. Rxd5 Nxd5 26. Nxd5 Qc5 27. Qxc5 Rxc5 28. Nf6+ Nxf6 29. Nb7 Rc8 30. Nd6+ Ke7 31. exf6+ Kxf6 32. Nxc8 Rxc8 33. Rf1+ Ke7 34. Rf4 Rh8 35. b4 g5 36. Rg4 gxh4 37. b5 Rb8 38. c4 Kd6 39. Rxh4 f5 40. Kc2 Ke5 41. Kc3 Rg8 42. b6 Rg3+ 43. Kb4 f4 44. Rh5+ Ke4 45. Bxe6 Kd4 46.
Rd5+ Ke4 47. b7 1-0

[Event "*** Titled Tuesday Blitz"]
[Site "Chess.com"]
[Date "2020.05.05"]
[Round "4"]
[White "HarutyunianTigranK"]
[Black "MrTattaglia"]
[Result "0-1"]
[WhiteElo "2709"]
[BlackElo "2962"]
[TimeControl "180+1"]
[EndTime "10:41:25 PDT"]
[Termination "MrTattaglia won on time"]

1. c4 Nf6 2. Nc3 e6 3. e4 e5 4. Nf3 Nc6 5. Be2 Bb4 6. d3 Bxc3+ 7. bxc3 d6 8. O-O O-O 9. Bg5 h6 10. Bh4 b6 11. Qd2 Qe7 12. h3 Re8 13. Qe3 Qe6 14. Nd2 g5 15. Bg3 Ne7 16. h4 Ng4 17. Qf3 Ng6 18. h5 Nf8 19. d4 Nh7 20. c5 Nhf6 21. cxd6 cxd6 22. Rfd1 Nxh5 23. dxe5 dxe5 24. Nc4 Nf4 25.
Bxf4 exf4 26. Nd6 Ne5 27. Qh5 Bd7 28. Nf5 Qf6 29. Rd6 Re6 30. Rad1 Rxd6 31. Rxd6 Be6 32. Nxh6+ Kf8 33. Nf5 Rc8 34. a4 Ng6 35. Qh6+ Kg8 36. Bh5 Re8 37. Bxg6 fxg6 38. Nd4 g4 39. e5 Qf7 40.
Qg5 f3 41. g3 Kg7 42. a5 Re7 43. a6 b5 44. Nxb5 Bf5 0-1

[Event "*** Titled Tuesday Blitz"]
[Site "Chess.com"]
[Date "2020.05.05"]
[Round "4"]
[White "mjray79"]
[Black "NormWeinstein"]
[Result "0-1"]
[WhiteElo "2253"]
[BlackElo "2447"]
[TimeControl "180+1"]
[EndTime "10:41:25 PDT"]
[Termination "NormWeinstein won by checkmate"]

1. d4 c5 2. d5 e5 3. Nc3 d6 4. e4 Be7 5. g3 Bg5 6. Bg2 Bxc1 7.
Qxc1 Nf6 8. Nge2 O-O 9. O-O Nbd7 10. f4 Re8 11. a4 a6 12. Qe3 b6 13. Kh1 Rb8 14. f5 h6 15. h3 Nh7 16. g4 Qg5 17. Qg3 h5 18. Rab1 Nhf6 19. Bf3 hxg4 20. hxg4 g6 21. Kg2 Kg7 22. b4 Rh8 23. bxc5 Nxc5 24. Rh1 Rxh1 25. Rxh1 Bd7 26. Qh3 Bxa4 27. Nxa4 Nxa4 28.
c4 Nc5 29. fxg6 fxg6 30. Ng3 Nd3 31. Ne2 b5 32. cxb5 axb5 33. Kg3 Nf4 34. Qh2 b4 35. Rb1 b3 36. Nxf4 Qxf4+ 37. Kg2 Qxh2+ 38. Kxh2 b2 39. Kg3 Kh6 40. Kf2 Kg5 41. Ke2 Kf4 42. Bg2 Nxg4 43.
Kd3 Nf2+ 44. Kc2 Kg3 45. Bh1 Nxh1 46. Rxh1 b1=Q+ 47. Rxb1 Rxb1 48. Kxb1 Kf3 49. Kc2 Kxe4 50. Kb3 Kxd5 51. Kb4 e4 52. Kb5 Kd4 53. Kb6 e3 54.
Kc7 e2 55. Kd8 e1=Q 56. Kd7 Qe5 57. Kc7 d5+ 58. Kd8 Qe6 59. Kc7 g5 60. Kd8 Qf7 61.
Kc8 Kc5 62. Kb8 Kb6 63. Kc8 Qc7# 0-1

[Event "*** Titled Tuesday Blitz"]
[Site "Chess.com"]
[Date "2020.05.05"]
[Round "4"]
[White "Saxar85"]
[Black "FMVolodymyrSakun"]
[Result "1-0"]
[WhiteElo "2654"]
[BlackElo "2466"]
[TimeControl "180+1"]
[EndTime "10:41:26 PDT"]
[Termination "Saxar85 won on time"]

1. Nf3 Nf6 2. b3 g6 3. Bb2 Bg7 4. g3 O-O 5. Bg2 d6 6. d4 Nc6 7.
O-O e5 8. dxe5 Ng4 9. Qc1 Ngxe5 10. c4 Nxf3+ 11. Bxf3 Nd4 12. Nd2 Re8 13. Re1 Bf5 14. Bxd4 Bxd4 15. Bxb7 Rb8 16. Bc6 Re7 17. Nf3 Bxa1 18.
Qxa1 Rb6 19. Nd4 Bd7 20. Bd5 c6 21. Bf3 Re8 22. Qc3 c5 23. Nc2 Qe7 24. Ne3 Be6 25. Rd1 Rbb8 26. Bc6 Red8 27. Bd5 Qf8 28. Bxe6 fxe6 29.
Ng4 Qg7 30. Qd2 h5 31. Ne3 Qe5 32. Ng2 Qf6 33. Qh6 d5 34. cxd5 Rxd5 35. Rxd5 exd5 36. Nf4 Rd8 37. Nxh5 Qf7 38. Qg5 Rf8 39. Nf4 c4 40.
Qe5 cxb3 41. axb3 Re8 42. Qd4 a6 43. e3 Rf8 44. Kg2 Rd8 45. Qe5 d4 46. exd4 Qf5 47.
Qe7 Rf8 48. d5 Qf6 49. Qe3 g5 50. Ne6 Re8 51. h3 g4 52. hxg4 Qg6 53. Qe5 Qxg4 54. Qf6 1-0

[Event "*** Titled Tuesday Blitz"]
[Site "Chess.com"]
[Date "2020.05.05"]
[Round "4"]
[White "Jeffinho023"]
[Black "SHIVACalypso"]
[Result "0-1"]
[WhiteElo "2446"]
[BlackElo "2292"]
[TimeControl "180+1"]
[EndTime "10:41:26 PDT"]
[Termination "SHIVACalypso won by resignation"]

1. d4 e6 2. Nf3 Nf6 3. Bf4 d5 4. e3 Bd6 5. Bg3 O-O 6. c3 c5 7. Nbd2 Nc6 8. Bd3 b6 9. Qe2 Bb7 10. Rd1 Qc7 11. e4 dxe4 12. Nxe4 Nxe4 13. Qxe4 g6 14.
dxc5 bxc5 15. Bc4 Bxg3 16. hxg3 Nd4 17. Qh4 Nxf3+ 18. gxf3 Qe5+ 19. Kf1 h5 20. Re1 Qf5 21. f4 Bxh1 22. Qxh1 Rad8 23. Qf3 Rd2 24. Kg2 Rfd8 25. Re5 Qg4 26. Qe3 Rxb2 27. Rg5 Qd1 28. Bxe6 Qd2 29. Rxg6+ Kh7 30. Qxc5 Qxf2+ 31. Qxf2 Rxf2+ 32.
Kxf2 Kxg6 33. Bb3 Kf5 34. Bxf7 Rd2+ 35. Ke3 Rg2 36. Kf3 Rc2 37. Bxh5 Rxc3+ 38. Kg2 Rc2+ 39.
Kh3 Rxa2 40. Bf7 Rb2 41. Be8 a5 42. Bd7+ Kf6 43. g4 Rf2 44. g5+ Ke7 45. Kg3 Kxd7 46. Kxf2 a4 47. g6 Ke6 48. f5+ Kf6 49. Kg3 a3 50. Kg4 a2 51. g7 Kxg7 52. Kg5 Kf7 0-1

[Event "*** Titled Tuesday Blitz"]
[Site "Chess.com"]
[Date "2020.05.05"]
[Round "4"]
[White "Sam_ChessMood"]
[Black "DenisQ"]
[Result "1/2-1/2"]
[WhiteElo "2865"]
[BlackElo "2685"]
[TimeControl "180+1"]
[EndTime "10:41:28 PDT"]
[Termination "Game drawn by repetition"]

1. e4 e6 2. d4 d5 3. Nc3 dxe4 4.
Nxe4 Bd7 5. Nf3 Bc6 6. Bd3 Nd7 7. O-O Be7 8. Bf4 Ngf6 9. Ng3 O-O 10. c4 Bxf3 11.
Qxf3 c5 12. d5 exd5 13. cxd5 Nb6 14. Rad1 Bd6 15. Bxd6 Qxd6 16. Nf5 Qe5 17. d6 Qxb2 18. Rb1 Qxa2 19. Qg3 g6 20. Rbe1 Rae8 21. Ne7+ Kg7 22. Qg5 Nbd7 23. Bb5 Qb2 24. Rb1 Qc2 25. Bxd7 Nxd7 26.
Rxb7 Nf6 27. h4 Qd3 28. Qe5 Rd8 29. h5 Qxd6 30. h6+ Kxh6 31. Qe3+ Kg7 32. Re1 Qd2 33. Qe5 Qd4 34. Qg3 Qg4 35. Qc3 Rd1 36.
Rxd1 Qxd1+ 37. Kh2 Qd4 38. Qg3 Qg4 39. Qe5 Qh4+ 40.
Kg1 Qd4 41. Qg3 Qd1+ 42. Kh2 Qh5+ 43. Kg1 Qd1+ 44. Kh2 Qh5+ 45. Kg1 Qd1+ 1/2-1/2

[Event "*** Titled Tuesday Blitz"]
[Site "Chess.com"]
[Date "2020.05.05"]
[Round "4"]
[White "Petrosyan_Tigran"]
[Black "KuzubovYuriy"]
[Result "1-0"]
[WhiteElo "2540"]
[BlackElo "2753"]
[TimeControl "180+1"]
[EndTime "10:41:28 PDT"]
[Termination "Petrosyan_Tigran won on time"]

1. Nf3 d5 2. d4 Nf6 3. c4 e6 4.
Nc3 Nbd7 5. Bf4 dxc4 6. e3 Nd5 7.
Bxc4 Nxf4 8. exf4 Nb6 9. Bb3 g6 10. O-O Bg7 11. Qe2 O-O 12. Rfd1 a5 13. a3 a4 14. Ba2 Bd7 15. Ne5 Bc6 16. Nxc6 bxc6 17.
Qe4 Nd5 18. Rac1 Qb8 19. Rc2 Nxc3 20. bxc3 Ra6 21. Rb1 Rb6 22. Rb4 Rd8 23. g3 Rxb4 24. cxb4 Rxd4 25. Qxc6 Rd3 26. Qxa4 Bd4 27. Kg2 Qb7+ 28.
Qc6 Qxc6+ 29. Rxc6 Rxa3 30. Bc4 Rc3 31. Rxc7 Rc2 32. Kf3 Rxf2+ 33. Ke4 Bf6 34. b5 Rd2 35. b6 Rb2 36. b7 Kg7 37. Bxe6 Kh6 38. Bxf7 Bd8 39.
Rd7 Ba5 40. Bg8 g5 41. Rxh7+ Kg6 42. fxg5 Kxg5 43. Be6 Kf6 44. Bd5 Rb4+ 45. Kd3 Ke5 46. Rd7 Rd4+ 47. Ke2 Rb4 48. h4 Kd4 49. h5 Rb2+ 50.
Kf3 Bd2 51. Bb3+ 1-0

[Event "*** Titled Tuesday Blitz"]
[Site "Chess.com"]
[Date "2020.05.05"]
[Round "4"]
[White "jfriedel"]
[Black "Keks2017"]
[Result "1/2-1/2"]
[WhiteElo "2565"]
[BlackElo "2393"]
[TimeControl "180+1"]
[EndTime "10:41:28 PDT"]
[Termination "Game drawn - insufficient material"]

1. Nf3 Nf6 2. c4 g6 3. g3 Bg7 4. Bg2 O-O 5. O-O d6 6. d4 Nbd7 7. Nc3 e5 8. e4 exd4 9. Nxd4 Re8 10. h3 a6 11. Re1 Rb8 12. Bf4 Ne5 13. b3 c5 14. Nc2 b5 15. cxb5 axb5 16. Ne3 b4 17. Ncd5 Nxd5 18. Nxd5 Be6 19. Qd2 Ra8 20. Rad1 Qa5 21. Bg5 Qxa2 22. Nc7 Bxb3 23. Nxe8 Rxe8 24. Qxa2 Bxa2 25. Rxd6 b3 26. Ra6 c4 27. Re2 Nd3 28. Raxa2 bxa2 29. Rxa2 c3 30. Ra3 Bd4 31. Kf1 Nxf2 32.
Ra4 Be5 33. Kxf2 Rc8 34. Bc1 c2 35. Ra2 Rc3 36. g4 Kg7 37. Bf1 h6 38. Bb5 Rxh3 39. Ba4 Rh2+ 40. Kf3 Rh3+ 41. Kf2 Rh2+ 42. Kf3 Rh3+ 43.
Kg2 Rg3+ 44. Kf2 Rxg4 45. Bxc2 Rh4 46. Be3 Rh2+ 47. Kf3 h5 48. Bb3 Rxa2 49. Bxa2 f5 50. exf5 gxf5 51. Bb1 Kg6 52. Bf4 Bxf4 53. Kxf4 h4 54.
Bxf5+ Kh5 55. Bg4+ Kh6 56. Kf5 h3 57. Bxh3 1/2-1/2

[Event "*** Titled Tuesday Blitz"]
[Site "Chess.com"]
[Date "2020.05.05"]
[Round "4"]
[White "fabianvivasz"]
[Black "DanielMieles1985"]
[Result "0-1"]
[WhiteElo "2352"]
[BlackElo "2649"]
[TimeControl "180+1"]
[EndTime "10:41:28 PDT"]
[Termination "DanielMieles1985 won by resignation"]

1. e4 c5 2. Nf3 Nc6 3. d4 cxd4 4.
Nxd4 g6 5. Nc3 Bg7 6. Be3 Nf6 7. Bc4 O-O 8. Bb3 d6 9. f3 Bd7 10. Qd2 Qa5 11. O-O-O Rfc8 12. Kb1 Ne5 13. Bh6 Bxh6 14. Qxh6 Rxc3 15. bxc3 Qxc3 16. h4 a5 17. Ne2 Qc5 18.
h5 a4 19. Bd5 Qb5+ 20. Ka1 Qxe2 21.
hxg6 Nxg6 22. Rd2 Qb5 23. g3 a3 24. Rb1 Qc5 25. c4 Ra4 26. Rxb7 Rb4 27. Rxb4 Qxb4 28. Rc2 Nxd5 29. cxd5 Qd4+ 30. Kb1 Qb4+ 31. Ka1 f6 32. Qc1 Qd4+ 33. Rc3 Ne5 34. Qxa3 Nxf3 35. Kb1 Nd2+ 36.
Kc2 Nxe4 37. Rd3 Qf2+ 38. Kb3 Nc5+ 39. Kc4 Nxd3 40. Qxd3 Qxa2+ 41. Kd4 Qa4+ 42. Ke3 Qg4 43. Kf2 Qf5+ 44. Qxf5 Bxf5 45. Ke3 Kf7 46. Kf4 Be6 47. g4 Bxd5 48. Kf5 Be6+ 49. Kf4 Bxg4 50. Kxg4 e5 51. Kh5 f5 0-1

[Event "*** Titled Tuesday Blitz"]
[Site "Chess.com"]
[Date "2020.05.05"]
[Round "4"]
[White "ChessTraining77"]
[Black "Quattroporte300"]
[Result "1-0"]
[WhiteElo "2531"]
[BlackElo "2319"]
[TimeControl "180+1"]
[EndTime "10:41:28 PDT"]
[Termination "ChessTraining77 won on time"]

1. e4 e5 2. Nf3 Nc6 3. Bb5 a6 4. Ba4 Nf6 5. O-O Be7 6. Re1 b5 7. Bb3 O-O 8. d4 d6 9. c3 Bg4 10.
Be3 Bh5 11. Nbd2 Re8 12. h3 h6 13. a3 Qd7 14. Bc2 Bf8 15. Qb1 Rad8 16. b4 Bg6 17. d5 Ne7 18. c4 c6 19. dxc6 Nxc6 20. Nh4 Bh7 21. Nf5 Rc8 22. cxb5 axb5 23. Bd3 Rb8 24.
Nf1 Ne7 25. N1g3 Bxf5 26. Nxf5 Nxf5 27. exf5 d5 28. g4 e4 29. Be2 Bd6 30. Qc1 Bc7 31. Bf4 Rbc8 32. Qd2 Bxf4 33. Qxf4 d4 34. Rad1 d3 35.
Bf1 Qd4 36. Bg2 Qc3 37. h4 Qxa3 38. g5 Nd5 39. Qg4 hxg5 40. hxg5 Nc3 41. Re3 Ne2+ 42. Kh2 Qxb4 43. Rh1 Qd6+ 44. Kh3 Nf4+ 45. Kh4 Nxg2+ 46. Qxg2 Qf4+ 47. Qg4 Qxg4+ 48. Kxg4 d2 49. Reh3 f6 50. gxf6 Kf7 51. fxg7 Rc4 52. Kg5 e3 53. Rh8 1-0

[Event "*** Titled Tuesday Blitz"]
[Site "Chess.com"]
[Date "2020.05.05"]
[Round "4"]
[White "The_Machine04"]
[Black "bolence16"]
[Result "0-1"]
[WhiteElo "2298"]
[BlackElo "2151"]
[TimeControl "180+1"]
[EndTime "10:41:29 PDT"]
[Termination "bolence16 won on time"]

1. d4 Nf6 2. Bg5 h6 3. Bxf6 exf6 4. e3 d5 5. g3 Bd6 6. Bg2 c6 7. Ne2 O-O 8. Nd2 Bg4 9. O-O Qd7 10. c4 Bb4 11.
cxd5 cxd5 12. a3 Bxd2 13. Qxd2 Nc6 14. Nc3 Be6 15. b4 Ne7 16. Rfc1 Rac8 17. a4 Rc7 18. Nb5 Rxc1+ 19. Rxc1 a6 20. Nc3 Rc8 21. b5 Rc4 22. Bf1 axb5 23. axb5 Rc8 24. Na4 Rxc1 25. Qxc1 Qc8 26.
Qxc8+ Bxc8 27. Nb6 Be6 28. Bd3 Kf8 29. Kf1 Ke8 30. Ke2 Kd8 31. Kd2 Kc7 32. Na4 b6 33. Nc3 Nc8 34. f3 f5 35. Ne2 Kd6 36. h4 Bd7 37.
Nc3 Na7 38. Kc2 Nc8 39. Kb3 Na7 40. Kb4 g5 41. hxg5 hxg5 42. e4 dxe4 43. fxe4 fxe4 44. Nxe4+ Kd5 45. Nf6+ Ke6 46. Bf5+ Kxf5 47. Nxd7 Nc8 48. d5 Ke4 49. Kc4 f5 50. Nf6+ Ke5 51. Ne8 Nd6+ 52.
Nxd6 Kxd6 53. Kd4 f4 54. gxf4 gxf4 55. Ke4 f3 56. Kxf3 Kxd5 57. Ke3 Kc5 58. Kd3 Kxb5 59. Kc3 Ka4 60. Kc4 b5+ 61. Kc3 Ka3 62. Kc2 b4 0-1

[Event "*** Titled Tuesday Blitz"]
[Site "Chess.com"]
[Date "2020.05.05"]
[Round "4"]
[White "vladimirdamjanovic"]
[Black "Matibar"]
[Result "0-1"]
[WhiteElo "2609"]
[BlackElo "2807"]
[TimeControl "180+1"]
[EndTime "10:41:30 PDT"]
[Termination "Matibar won on time"]

1. d4 Nf6 2. c4 b6 3. Nc3 Bb7 4. f3 Nc6 5. d5 Ne5 6. e4 e6 7. f4 Ng6 8. e5 Ng8 9. Nf3 Bb4 10. h4 Nh6 11. Bd3 Ne7 12. Be4 Nef5 13. Rh3 Qe7 14. d6 cxd6 15. Bxb7 Rb8 16. Be4 dxe5 17. fxe5 Qc5 18.
Bxh6 Nxh6 19. Qd4 Qxd4 20. Nxd4 Ng4 21. Nf3 Rc8 22. Bd3 Bxc3+ 23. bxc3 Rc5 24. Ke2 Nxe5 25. Nxe5 Rxe5+ 26. Kd2 Ke7 27. Re3 Ra5 28. Rg3 g6 29. Rg5 f5 30. h5 Kf6 31. Rg3 g5 32. Rh3 g4 33. Rhh1 h6 34. g3 Rc8 35. Rhe1 Rcc5 36. Rh1 Kg5 37. Ke3 Ra3 38. Kd2 Rca5 39. Bb1 R5a4 40. Kd3 Ra5 41. Kd2 R3a4 42. Kd3 Rc5 43.
Rc1 Raxc4 44. a3 Re4 45. Ba2 Rce5 46. Rg1 Kxh5 47. Rh1+ Kg5 48. Rag1 Re2 49. Bb1 d5 50. Kd4 h5 51. Bd3 R2e3 52. Rf1 a5 53. a4 Kg6 54.
Rf2 Re1 55. Rff1 Rxf1 56. Rxf1 Kf6 57. Rh1 h4 58. Rxh4 Re1 59. Rh6+ Ke7 60. Rh7+ Kd6 61. Rh6 Rd1 62. Ke3 Ke5 0-1

[Event "*** Titled Tuesday Blitz"]
[Site "Chess.com"]
[Date "2020.05.05"]
[Round "4"]
[White "Ariadna_Atreides"]
[Black "SummertimeFun"]
[Result "0-1"]
[WhiteElo "1983"]
[BlackElo "2198"]
[TimeControl "180+1"]
[EndTime "10:41:30 PDT"]
[Termination "SummertimeFun won on time"]

1. d4 Nf6 2. Nf3 e6 3. e3 b6 4. Bd3 Bb7 5. O-O Be7 6. b3 O-O 7.
Bb2 d6 8. Nbd2 Nbd7 9. Qe2 c5 10.
c4 Rc8 11. Rac1 d5 12. cxd5 Nxd5 13. Ba6 Bxa6 14. Qxa6 N7f6 15. a3 Rc7 16. dxc5 Bxc5 17. b4 Bd6 18. Nc4 Be7 19. Be5 Rd7 20. h3 Nc7 21. Qxa7 Ncd5 22. Qa4 Ne4 23. Ba1 Bf6 24. Nce5 Rc7 25. Qb3 Qd6 26. Nc4 Qe7 27. Bxf6 Qxf6 28. b5 Ng5 29. Nxg5 Qxg5 30. Nd6 Rd7 31. Ne4 Qg6 32.
Ng3 Nf6 33. Rfd1 Rd2 34. Rxd2 Ne4 35. Nxe4 Qxe4 36. Qc2 Qe5 37. Rd3 Qxb5 38. Rc3 Qa5 39. Rc8 g6 40. Rxf8+ Kxf8 41. Qc8+ Ke7 42. Qc7+ Kf8 43.
Qd8+ Kg7 44. Qd4+ Kh6 45. Qf4+ Kg7 46. Qd4+ e5 47. Qc3 Qd5 48. f4 f6 49. fxe5 fxe5 50. Qc7+ Kh6 51. Qc6 Qd2 52. Qc3 Qd5 53. Kh1 Qe4 54.
Qc2 Qxe3 55. Rd1 Qg3 56. Qd2+ Kg7 57. Qd7+ Kh6 58. Qd6 Qb3 59. Qd3 Qe6 60. Qd2+ Kg7 61. Rc1 e4 62. Rc7+ Kf6 63. Qd8+ Ke5 64. Qh8+ Kf4 65. Qg7 e3 66. Rf7+ Kg3 67. Kg1 e2 68. Qc3+ Kh4 69. Qb4+ Kh5 70. Qb5+ Kh6 0-1

[Event "*** Titled Tuesday Blitz"]
[Site "Chess.com"]
[Date "2020.05.05"]
[Round "4"]
[White "AryanTari"]
[Black "Artem_Sadovsky"]
[Result "1-0"]
[WhiteElo "2873"]
[BlackElo "2542"]
[TimeControl "180+1"]
[EndTime "10:41:33 PDT"]
[Termination "AryanTari won on time"]

1. e4 g6 2. d4 Bg7 3. Nf3 d6 4. Bc4 e6 5. O-O Ne7 6. Re1 a6 7. Bb3 b6 8. Nbd2 Bb7 9. Nf1 h6 10. Ng3 Nd7 11. h4 c5 12. c3 Qc7 13. Be3 c4 14.
Bc2 d5 15. e5 Nf5 16. Nxf5 gxf5 17. Qd2 Bc6 18. b3 b5 19. Bf4 Nb6 20. Bxf5 exf5 21. e6 Qb7 22. Qc2 O-O 23. Qxf5 Rae8 24. Qg4 Rxe6 25. Rxe6 fxe6 26. Bxh6 Be8 27. Bxg7 Qxg7 28. Qxe6+ Kh8 29. Ng5 Qf6 30. Qe3 Bg6 31. Qg3 Qf4 32. Qxf4 Rxf4 33. g3 Rf6 34. Re1 Rc6 35. b4 Na4 36.
Re3 Bd3 37. h5 Nxc3 38. h6 Rc8 39. Re7 Ne2+ 40. Kg2 c3 41. Nf7+ Kg8 42. Ne5 Be4+ 43.
f3 c2 44. Rg7+ Kf8 45. Nd7+ Ke8 46. Nf6+ Kf8 47. Rg8+ Kf7 48. Rxc8 Kxf6 49. fxe4 c1=Q 50. Rxc1 Nxc1 51. e5+ Kg6 52. e6 Ne2 53. e7 1-0

[Event "*** Titled Tuesday Blitz"]
[Site "Chess.com"]
[Date "2020.05.05"]
[Round "4"]
[White "woodhy"]
[Black "doons21"]
[Result "1/2-1/2"]
[WhiteElo "2408"]
[BlackElo "2609"]
[TimeControl "180+1"]
[EndTime "10:41:33 PDT"]
[Termination "Game drawn by repetition"]

1. e4 e6 2. d4 d5 3. e5 c5 4.
c3 Qb6 5. Nf3 Nc6 6. Be2 cxd4 7.
cxd4 Nh6 8. b3 Nf5 9. Bb2 Bb4+ 10. Kf1 Be7 11. g3 h5 12. h4 Bd7 13. Kg2 Rc8 14.
Nc3 Qa5 15. a3 g6 16. b4 Qd8 17. Rc1 a6 18. Na4 Kf8 19. Nc5 Bxc5 20. Rxc5 Na7 21.
Qc2 Kg7 22. Rc1 Bb5 23. Bxb5 axb5 24. a4 b6 25. Rxc8 Qxc8 26. a5 bxa5 27. bxa5 Qa6 28. Qc7 Nc8 29. Ng5 Nce7 30. Ba3 Rc8 31. Qb6 Ra8 32.
Qxa6 Rxa6 33. Bxe7 Nxe7 34. Rc7 Kf8 35. Rb7 Rxa5 36.
Nh7+ Kg7 37. Rxe7 Kxh7 38. Rxf7+ Kh6 39. Re7 Ra6 40. Rb7 Ra5 41. Rb6 Ra4 42. Rxe6 Rxd4 43.
Rb6 Re4 44. f4 b4 45. Rb5 Rd4 46. Kf3 Kg7 47. Rb7+ Kf8 48. e6 Re4 49. e7+ Rxe7 50. Rxb4 Kf7 51. Rd4 Rd7 52. Ke3 Ke6 53. Kf3 Ra7 54. Rd3 Ra4 55. Re3+ Kd6 56. Rb3 Ra6 57. Ke3 Kc5 58. Rc3+ Kd6 59. Rb3 Rc6 60. Kd3 Ra6 61.
Ke3 1/2-1/2

[Event "*** Titled Tuesday Blitz"]
[Site "Chess.com"]
[Date "2020.05.05"]
[Round "4"]
[White "WanderingPuppet"]
[Black "CMS13"]
[Result "0-1"]
[WhiteElo "2372"]
[BlackElo "2178"]
[TimeControl "180+1"]
[EndTime "10:41:33 PDT"]
[Termination "CMS13 won on time"]

1. e4 e5 2. Nf3 Nc6 3. Bb5 Bc5 4. O-O Qf6 5. c3 Nge7 6. d4 exd4 7. e5 Nxe5 8. Nxe5 Qxe5 9. Re1 Qf6 10. Nd2 dxc3 11. Ne4 Qb6 12. Qb3 O-O 13. Nxc5 Qxc5 14. Be3 Qh5 15. Be2 Qg6 16. bxc3 d6 17. Kh1 Nc6 18. Rad1 Ne5 19. h3 Qe4 20. Kg1 Be6 21. Qb5 a6 22. Qa5 Nc6 23. Qa3 Ne5 24. Rd4 Qg6 25. Kh1 f6 26. Qb2 Qf7 27. a3 Kh8 28. Qc1 Nc4 29.
Rdd1 Nxe3 30. Qxe3 Rae8 31. Bf3 Bd7 32. Qd2 b6 33.
Rf1 a5 34. Bd5 Qg6 35. Bf3 Bf5 36. Rfe1 Qf7 37. Rc1 Qd7 38. c4 Bxh3 39. Kg1 Bf5 40. Qf4 Bg6 41. Red1 Re6 42. Qg3 Rfe8 43. Bg4 f5 44. Bf3 R6e7 45. Qf4 Qe6 46. Qd4 Qd7 47. Qd5 Bf7 48. Qb7 g6 49. Bc6 Qd8 50. Bxe8 Qxe8 51. Qf3 Kg8 52. Qd3 Re5 53. Qc3 Rc5 54. Qd4 Re5 55. Kh2 Re4 0-1

[Event "*** Titled Tuesday Blitz"]
[Site "Chess.com"]
[Date "2020.05.05"]
[Round "4"]
[White "Klavdia_Nik"]
[Black "tan275"]
[Result "0-1"]
[WhiteElo "1949"]
[BlackElo "2188"]
[TimeControl "180+1"]
[EndTime "10:41:34 PDT"]
[Termination "tan275 won on time"]

1. Nf3 d5 2. c4 e6 3. b3 Nf6 4.
Bb2 Be7 5. g3 c5 6. Bg2 d4 7. b4 Nc6 8. bxc5 Bxc5 9. O-O O-O 10. d3 e5 11. Nbd2 Nd7 12. Qa4 f5 13. Ba3 Qe7 14.
Bxc5 Nxc5 15. Qa3 Bd7 16. Nb3 b6 17. Nfd2 Rae8 18. Rab1 Nxb3 19. Qxe7 Nxe7 20. axb3 Bc6 21. Nf3 Nc8 22. b4 e4 23. Nxd4 Bd7 24. b5 Nd6 25. Ra1 Nc8 26. Rfc1 Rd8 27. Ra3 Rde8 28. e3 Re5 29.
Rac3 Rfe8 30. dxe4 fxe4 31. c5 bxc5 32. Rxc5 Nb6 33.
Nc6 Rxc5 34. Rxc5 Kf8 35. h3 Na4 36. Rc4 Nb6 37. Rxe4 Bxc6 38. bxc6 Rc8 39. Re6 Rc7 40. g4 Kf7 41. Rd6 a5 42. Rd4 a4 43. Rd3 a3 0-1

[Event "*** Titled Tuesday Blitz"]
[Site "Chess.com"]
[Date "2020.05.05"]
[Round "4"]
[White "pooh2012"]
[Black "Leo_C"]
[Result "1-0"]
[WhiteElo "2467"]
[BlackElo "2287"]
[TimeControl "180+1"]
[EndTime "10:41:35 PDT"]
[Termination "pooh2012 won by resignation"]

1. e4 c5 2. Nf3 Nc6 3. d4 cxd4 4. Nxd4 Nf6 5. Nc3 e5 6. Ndb5 d6 7. a4 a6 8. Na3 Bg4 9. f3 Be6 10. Bc4 Be7 11. O-O O-O 12. Be3 Rc8 13. Bd5 Nb4 14.
Bxb7 Rb8 15. Bd5 Nbxd5 16. exd5 Bf5 17. b3 Qc7 18. Nc4 Rfc8 19. a5 Nd7 20. Na4 Nc5 21. Nab6 Rd8 22. Qd2 Bg6 23. Rae1 f5 24. f4 Ne4 25.
Qe2 exf4 26. Bxf4 Bf7 27. Qd3 Bf6 28. Rxe4 fxe4 29. Qg3 Bxd5 30. Nxd5 Qc5+ 31. Nce3 Bd4 32. Kh1 Rf8 33. h4 Rbd8 34. c4 Kh8 35. b4 Qa7 36.
Bxd6 Rxf1+ 37. Nxf1 Qf7 38. Nfe3 Bxe3 39. Nxe3 Qe6 40.
c5 Qa2 41. Kh2 Qb1 42. Qg5 Rg8 43. Be5 Qc1 44. Nf5 Qxg5 45. hxg5 h6 46. gxh6 Kh7 47.
Bxg7 Rb8 48. c6 Rxb4 49. c7 Rc4 50. Be5 e3 51. Nxe3 Rc5 52. Bf4 Rc6 53. g3 Rc3 54.
Kg2 Kg6 55. Kf3 Rc6 56. Ke4 Rc1 57. Kd5 Rd1+ 58. Kc5 Rc1+ 59. Nc4 Kh5 60. c8=Q Rxc4+ 61. Kxc4 1-0

[Event "*** Titled Tuesday Blitz"]
[Site "Chess.com"]
[Date "2020.05.05"]
[Round "4"]
[White "stanyga"]
[Black "kakakz"]
[Result "1-0"]
[WhiteElo "2690"]
[BlackElo "2432"]
[TimeControl "180+1"]
[EndTime "10:41:36 PDT"]
[Termination "stanyga won on time"]

1. e4 c5 2. Nf3 d6 3. Bb5+ Bd7 4. Bxd7+ Nxd7 5. O-O Ngf6 6. Re1 e6 7. d4 cxd4 8. Nxd4 a6 9. c4 Rc8 10. b3 Be7 11. Bb2 O-O 12. Nc3 Qa5 13. Rc1 Rc7 14.
Qd2 Qh5 15. h3 Rfc8 16. Rcd1 Bf8 17. Qe3 Qa5 18. a3 Qb6 19. Na4 Qa7 20. Qg3 Qb8 21. Nc3 Nh5 22. Qf3 Nhf6 23. Qg3 Nh5 24. Qf3 Nhf6 25. a4 Ne5 26. Qe2 Ned7 27. Qf3 Qa7 28.
Ba3 Qb6 29. Nce2 Nc5 30. a5 Qa7 31. Nc3 e5 32. Nf5 Nxb3 33. Bxd6 Bxd6 34. Rxd6 Nd4 35. Nxd4 exd4 36. Nd5 Nxd5 37. cxd5 Qc5 38. e5 Qxa5 39. Re4 Rc3 40. Qg4 d3 41. e6 Qc7 42. exf7+ Qxf7 43. Rd7 Qf8 44. Rf4 1-0